Map: Ulrena

Players

zidar - Winner!

  • Race: Zerg Zerg
  • League: Gold
  • Spawn Location: 11:00

Lazard

  • Race: Protoss Protoss
  • League: Silver
  • Spawn Location: 7:00

VOD

Have the link to the VOD?

Description

Time

  • Played on: June 9, 2016, 2:28 p.m.
  • Length: 8:51
Show
View Real Time Build Order
Export as new Build Order

zidar Zerg - Winner!

Build Orders: Hatch First 

Get SALT Encoding   

  12  0:02  Drone  
  13  0:12  Overlord  
  13  0:17  Drone  
  14  0:24  Extractor  
  13  0:30  Drone  
  15  0:37  Drone  
  16  0:49  Drone  
  17  0:56  Hatchery  
  16  0:58  Drone  
  16  1:02  Extractor  
  16  1:06  Drone  
  17  1:21  Overlord  
  17  1:29  Spawning Pool  
  18  1:54  Drone x3  
  19  2:07  Drone  
  19  2:24  Metabolic Boost  
  19  2:25  Queen  
  19  2:26  Queen  
  23  2:33  Drone x4  
  27  2:44  Overlord  
  27  2:51  Zergling x2  
  27  2:52  Zergling x2  
  27  2:53  Zergling x2  
  30  3:02  Zergling x4  
  32  3:17  Zergling x4  
  32  3:58  Zergling x24  
  39  4:29  Zergling x8  
  37  4:57  Zergling x4  
  37  4:58  Zergling x8  
  40  5:14  Zergling x12  
  43  5:24  Zergling x2  
  43  6:00  Overlord  
  43  6:01  Overlord x2  
  43  6:02  Overlord  
  43  6:08  Roach Warren  
  42  6:29  Drone x6  
  48  6:37  Extractor  
  47  6:49  Roach x3  
  47  6:50  Roach x3  
  47  6:52  Roach  
  61  6:58  Lair  
  61  7:09  Extractor  
  61  7:11  Extractor  
  59  7:19  Hatchery  
  58  7:24  Roach  
  58  7:25  Roach x8  
  76  7:30  Hatchery  
  68  7:56  Roach  
  68  7:57  Roach x3  
  76  8:00  Overlord x3  
Show
View Real Time Build Order
Export as new Build Order

Lazard Protoss 

Build Orders:  

Get SALT Encoding   

  12  0:01  Probe (Chrono Boost)  
  13  0:18  Probe (Chrono Boost), Pylon  
  15  0:28  Probe (Chrono Boost)  
  15  0:39  Gateway  
  15  0:43  Assimilator  
  15  0:52  Probe (Chrono Boost)  
  16  0:59  Pylon  
  16  1:03  Probe (Chrono Boost)  
  17  1:05  Assimilator  
  17  1:13  Probe (Chrono Boost)  
  18  1:22  Gateway  
  18  1:24  Probe (Chrono Boost)  
  19  1:32  Cybernetics Core  
  19  1:39  Pylon  
  19  2:09  Warp Gate (Chrono Boost)  
  19  2:16  Zealot  
  21  2:24  Gateway  
  21  2:25  Pylon  
  21  2:28  Pylon  
  21  2:31  Gateway  
  21  2:38  Stalker  
  23  2:44  Probe (Chrono Boost)  
  24  2:55  Probe (Chrono Boost)  
  25  3:06  Probe (Chrono Boost)  
  26  3:51  Mothership Core  
  26  3:52  Gateway  
  28  3:58  Pylon  
  28  4:14  Pylon  
  26  4:31  Pylon  
  26  4:42  Zealot x2  
  22  5:00  Zealot  
  22  5:01  Zealot  
  19  5:07  Zealot  
  19  5:08  Zealot  
  19  5:12  Probe (Chrono Boost)  
  21  5:22  Probe (Chrono Boost)  
  22  5:33  Probe (Chrono Boost)  
  22  5:43  Probe (Chrono Boost), Zealot x3  
  22  5:44  Zealot  
  20  5:54  Probe (Chrono Boost)  
  21  6:27  Probe (Chrono Boost)  
  22  6:50  Probe (Chrono Boost)  
  23  7:07  Probe (Chrono Boost)  
  25  7:23  Probe (Chrono Boost)  
  25  7:33  Probe (Chrono Boost)  
  18  8:14  Zealot x3  
  12  8:34  Stalker  
Tags
 
Matchup
PvZ
Spawn Locations
Close Positions
Add a new tag
Caveats
  • Supply blocks, unpowered buildings, or Contaminate may cause inaccurate times.
  • Supply counts are checked every 10 seconds.